 Dungeon Crawl Stone Soup version 0.17-a0-1129-g5854844 (webtiles) character file.

22 Hanyuu the Insei (level 2, -1/18 HPs)
             Began as an Octopode Transmuter on May 24, 2015.
             Succumbed to a gnoll's poison
             ... on level 2 of the Dungeon.
             The game lasted 00:01:18 (595 turns).

Hanyuu the Insei (Octopode Transmuter)               Turns: 595, Time: 00:01:18

Health: -1/18      AC:  1    Str:  9    XL:     2   Next: 91%
Magic:  4/5        EV: 12    Int: 15    God:
Gold:   54         SH:  0    Dex: 12    Spells: 1 memorised, 4 levels left

rFire  . . .     SeeInvis .       - Unarmed
rCold  . . .     Clarity  .     (no shield)
rNeg   . . .     SustAt   .     (helmet restricted)
rPois  .         Gourm    .     (no amulet)
rElec  .         Spirit   .     (no ring)
rCorr  .         Warding  .     (no ring)
rMut   .         Stasis   .     (no ring)
MR     .....                    (no ring)
Stlth  ++........               (no ring)
                                (no ring)
                                (no ring)
                                (no ring)

@: lethally poisoned (-1 -> -25), appendage, not resistant to hostile
enchantments, unstealthy
A: almost no armour, amphibious, 8 rings, constrict 8, tentacle spike 3,
camouflage 1, gelatinous body 1
a: End Transformation


You were on level 2 of the Dungeon.
You were not hungry.
One of your tentacles had a temporary spike.
You visited 1 branch of the dungeon, and saw 2 of its levels.

You collected 54 gold pieces.

Inventory:

Missiles
 a - 12 arrows
 f - 15 poisoned needles
Scrolls
 e - a scroll of magic mapping {unknown}
 g - 2 scrolls of amnesia {unknown}
Potions
 d - 2 potions of curing {unknown}
Books
 b - a book of Changes

   Spells                             Type                      Level
   a - Beastly Appendage              Transmutation                1
   b - Sticks to Snakes               Transmutation                2
   c - Spider Form                    Transmutation/Poison         3
   d - Ice Form                       Ice/Transmutation            4
   e - Blade Hands                    Transmutation                5
Comestibles
 c - a bread ration


   Skills:
 - Level 1.0 Fighting
 - Level 2.0 Dodging
 + Level 4.0 Unarmed Combat
 - Level 2.0 Spellcasting
 - Level 2.0 Transmutations


You had 4 spell levels left.
You knew the following spells:

 Your Spells              Type           Power        Failure   Level  Hunger
a - Beastly Appendage     Trmt           #.....       12%         1    #......


Dungeon Overview and Level Annotations

Branches:
Dungeon (2/15)

Altars:
Xom
Zin


Innate Abilities, Weirdness & Mutations

You cannot wear most types of armour.
You are amphibious.
You can wear up to eight rings at the same time.
You can use your tentacles to constrict eight enemies at once.
Your skin changes colour to match your surroundings (Stealth).
Your rubbery body absorbs attacks (AC +1).
One of your tentacles bears a large vicious spike.


Message History

The gnoll hits you with a whip of venom.
* * * LOW HITPOINT WARNING * * *
You tentacle-slap the gnoll.
You pierce the gnoll, but do no damage.
The gnoll is lightly wounded.
You constrict the gnoll.
* * * LOW HITPOINT WARNING * * *
You feel sick.
The gnoll hits you with a whip of venom.
* * * LOW HITPOINT WARNING * * *
You are more poisoned.
Unknown command.
Unknown command.
Unknown command.
Unknown command.
Unknown command.
You tentacle-slap the gnoll.
You squeeze the gnoll, but do no damage.
The gnoll is moderately wounded.
You constrict the gnoll, but do no damage.
You die...

## .# #### ##. .# #.. ....
.#### #.# .....
.<..#########.#######...._.
................@ggg...####
....#######.#######g).(#A..
.#### #.# #....#... .# #.#
#.#..#... .# ..# #.#..####
## ### #.#...._. #.# .....
..# #####


You could see 3 gnolls and a hobgoblin.

Vanquished Creatures
  A gnoll (D:2)
  An ooze (D:1)
  3 bats (D:1)
  3 goblins (D:1)
  A kobold (D:1)
  2 rats (D:1)
11 creatures vanquished.

Notes
Turn   | Place    | Note
--------------------------------------------------------------
     0 | D:1      | Hanyuu the Octopode Transmuter began the quest for the Orb.
     0 | D:1      | Reached XP level 1. HP: 13/13 MP: 3/3
   161 | D:1      | Reached XP level 2. HP: 12/18 MP: 5/5
   582 | D:2      | Found a shimmering altar of Xom.
   582 | D:2      | Found a glowing silver altar of Zin.
   583 | D:2      | Noticed an angel
   586 | D:2      | Reached skill level 4 in Unarmed Combat
   595 | D:2      | Succumbed to a gnoll's poison

Vault maps used:
D:1:      minmay_arrival_pointy
D:2:      grunt_temple_overflow_order_and_chaos_1, makhleb_blood_cavern_becter,
          first_bread

Action                   || total
-------------------------++-------
Melee: Unarmed           ||    35
 Cast: Beastly Appendage ||     2
 Stab: Sleeping          ||     2
